 Dungeon Crawl Stone Soup version 0.32-a0-675-gdc239d62e1 (webtiles) character file.

Game seed: 7521419156709813410

2 Shayle the Apothecary (level 1, 0/13 HPs)
             Began as a Coglin Alchemist on Mar 11, 2024.
             Constricted to death by a ball python (2 damage)
             ... on level 1 of the Dungeon.
             The game lasted 00:01:27 (345 turns).

Shayle the Apothecary (Coglin Alchemist)             Turns: 345, Time: 00:01:27

Health: 0/13       AC:  2    Str:  8    XL:     1   Next: 40%
Magic:  3/3        EV:  2    Int: 14    God:
Gold:   16         SH:  0    Dex: 14    Spells: 2/3 levels left

rFire   . . .        b - +0 short sword {Thabo}
rCold   . . .        (no shield)
rNeg    . . .        a - +0 robe
rPois   .            (no helmet)
rElec   .            (no cloak)
rCorr   .            (no gloves)
SInv    .            (no boots)
Will    .....        (amulet unavailable)
Stlth   ++           (ring unavailable)
HPRegen 0.22/turn    (ring unavailable)
MPRegen 0.08/turn    (no gizmo)

%: no passive effects
@: constricted, revved
A: off-hand wielding, slow wielding, warmup strikes, no jewellery
a: Invent Gizmo


You were on level 1 of the Dungeon.
You visited 1 branch of the dungeon, and saw 1 of its levels.

You collected 16 gold pieces.

Inventory:

Hand Weapons
 b - a +0 short sword (weapon) {Thabo}
Armour
 a - a +0 robe (worn)
Scrolls
 c - a scroll of identify {unknown}
Potions
 d - a potion of haste {unknown}


   Skills:
 + Level 1.8 Dodging
 - Level 1.5 Stealth
 + Level 1.8 Spellcasting
 + Level 1.0 Conjurations
 + Level 3.3 Alchemy


You had 2 spell levels left.
You knew the following spells:

 Your Spells              Type           Power      Damage    Failure   Level
a - Sting                 Conj/Alch      28%        1d4       10%         1

Your spell library contained the following spells:

 Spells                   Type           Power      Damage    Failure   Level
 Mercury Vapours          Alch/Air       10%        N/A       19%         2
 Mephitic Cloud           Conj/Alch/Air  5%         N/A       38%         3
 Olgreb's Toxic Radiance  Alch           10%        N/A       52%         4
 Sticky Flame             Fire/Alch      5%         2d4       77%         4


Dungeon Overview and Level Annotations

Branches:
Dungeon (1/15)

Altars:

Annotations:
D:1 2 transporters


Innate Abilities, Weirdness & Mutations

You can wield a second weapon in your off-hand.
It takes a long time for you to wield or remove held weapons.
Your first few attacks do less damage.
You cannot equip rings or amulets.


Message History

You start attuning to your weapon.
You continue attuning to your +0 short sword. x4
You finish attuning to your +0 short sword.
You welcome your +0 short sword "Thabo" into your grasp.
You start waiting.
Done waiting.
You start waiting.
Done waiting.
d - a pink potion
Found a stone staircase leading down.
You now have 10 gold pieces.
You open the door.
A rat comes into view.
A rat is nearby!
There is an open door here.
The helpless rat fails to defend itself.
You hit the rat.
You kill the rat!
Your Conjurations skill increases to level 1!
You see here a rat corpse.
You now have 16 gold pieces (gained 6).
A ball python comes into view.
The ball python hisses angrily.
The ball python moves out of view.
Found a fizzy blue potion.
You hit the ball python but do no damage.
The ball python bites you. The ball python grabs you.
The ball python constricts you.
You hit the ball python but do no damage.
The ball python barely misses you. The ball python constricts you.
You closely miss the ball python. The ball python bites you.
The ball python constricts you.
You hit the ball python but do no damage.
The ball python bites you. The ball python constricts you.
You hit the ball python.
The ball python is severely wounded.
The ball python bites you.
* * * LOW HITPOINT WARNING * * *
The ball python constricts you.
You die...

####...........#
.#............#####..
....................
#####..........(........
................##.####.
........######..........
........##.......#.###..
........##.......#......
.......@.#.......#####..
......S#.....#.#....##..
.......#####.....##.##..
....... ###..........
....... #..###.#>..
....... #..# #...
...!... #..###.#...
####### #......#...
###.####...


You could see a ball python.

Vanquished Creatures
  A kobold (D:1)
  A ball python (D:1)
  A rat (D:1)
3 creatures vanquished.

Notes
Turn   | Place    | Note
-------+----------+-------------------------------------------
     0 | D:1      | Shayle the Coglin Alchemist began the quest for the Orb.
     0 | D:1      | Reached XP level 1. HP: 13/13 MP: 3/3
   302 | D:1      | Reached skill level 1 in Conjurations
   345 | D:1      | Constricted to death by a ball python

Illustrated notes

Levels and vault maps discovered:
D:1:      spicycebolla_arrival_transporter_tutorial, layout_basic

Skill      XL: |  1 |
---------------+----+-----
Conjurations   | 1 |  1.0
Dodging        | |  1.8
Stealth        | |  1.5
Spellcasting   | |  1.8
Alchemy        | |  3.3

Action                     || total
---------------------------++-------
  Melee: Unarmed           ||     8
         Short sword       ||     6
   Cast: Sting             ||     3
    Use: Potion            ||     1
   Stab: Sleeping          ||     1
 Armour: Robe              ||    20
  Dodge: Dodged            ||    15

Table legend: (Time is in decaauts)
 A = Elapsed time spent in this place.
 B = Non-inter-level travel time spent in this place.
 C = Inter-level travel time spent in this place.
 D = Time resting spent in this place.
 E = Time spent auto-exploring this place.
 F = Levels seen in this place.
 G = Mean time per level.
                   A        B        C        D        E       F      G
               +--------+--------+--------+--------+--------+-----+--------+
         Total |    345 |    345 |      0 |    249 |     56 |   1 |  345.0 |
       Dungeon |    345 |    345 |      0 |    249 |     56 |   1 |  345.0 |
               +--------+--------+--------+--------+--------+-----+--------+

Top non-repeatable levels by time:
     D:1: 345 daAuts
